 Dungeon Crawl Stone Soup version 0.13-a0-2584-g2e76cfd (console) character file.

259 Chozo the Chopper (level 4, -1/36 HPs)
             Began as a Lava Orc Skald on July 31, 2013.
             Slain by Sigmund
             ... wielding a cursed +0,-1 scythe
              (3 damage)
             ... on Level 3 of the Dungeon.
             The game lasted 00:06:06 (1777 turns).

Chozo the Chopper (Lava Orc Skald)                  Turns: 1777, Time: 00:06:06

HP  -1/36        AC  9     Str 14      XL: 4   Next: 82%
MP   7/7         EV 10     Int 13      God:
Gold 134         SH  0     Dex 10      Spells:  3 memorised,  1 level left

Res.Fire  : + . .   See Invis. : .   a - +0 orc hand axe {=f}
Res.Cold  : . . .   Warding    : .   b - +0 orc leather armour
Life Prot.: . . .   Conserve   : .   (no shield)
Res.Poison: .       Res.Corr.  : .   (no helmet)
Res.Elec. : .       Clarity    : .   (no cloak)
Sust.Abil.: . .     Spirit.Shd : .   n - +2 pair of gauntlets
Res.Mut.  : .       Stasis     : .   (no boots)
Res.Rott. : .       Flight     : .   v - cursed amulet of the gourmand
Gourmand  : +                        (no ring)
                                     (no ring)

@: slow, slightly resistant to hostile enchantments, very unstealthy
A: conserve scrolls, saprovore 1
a: no special abilities


You were on level 3 of the Dungeon.
You were very hungry.

You visited 1 branch of the dungeon, and saw 4 of its levels.

You collected 114 gold pieces.

Inventory:

Hand weapons
 a - a +0,+0 orcish hand axe (weapon) {=f}
Armour
 b - a +0 orcish leather armour (worn)
 n - a +2 pair of gauntlets (worn)
Comestibles
 d - 2 meat rations
 h - a choko
 l - a rambutan
 q - 2 bread rations
Scrolls
 i - a scroll of enchant armour {unknown}
 j - a scroll of amnesia
 k - a scroll of magic mapping {unknown}
 m - a scroll of noise {unknown}
 o - 2 scrolls of remove curse {unknown}
 p - a scroll of recharging {unknown}
 s - 3 scrolls of blinking {unknown}
 t - a scroll of enchant weapon II {unknown}
 u - a scroll of teleportation {unknown}
Jewellery
 v - a cursed amulet of the gourmand (around neck)
Potions
 f - a potion of agility
 g - a potion of berserk rage
Books
 c - a book of Battle

   Spells                             Type                      Level
   *Infusion                          Charms                       1
   *Shroud of Golubria                Charms/Translocation         2
   *Song of Slaying                   Charms                       2
   Spectral Weapon                    Hexes/Charms                 3
   Regeneration                       Charms/Necromancy            3
   Song of Shielding                  Charms                       4


   Skills:
 + Level 3.0 Fighting
 + Level 4.0 Axes
 + Level 2.1 Armour
 - Level 0.7 Dodging
 + Level 1.9 Spellcasting
 + Level 3.6 Charms


You had one spell level left.
You knew the following spells:

 Your Spells              Type           Power        Failure   Level  Hunger
a - Infusion              Chrm           ##....       8%          1    ##.....
b - Song of Slaying       Chrm           ##........   10%         2    ###....
c - Shroud of Golubria    Chrm/Tloc      #.........   21%         2    ###....


Dungeon Overview and Level Annotations

Branches:
Dungeon (4/27)
 Temple: D:4-7

Altars:
Elyvilon
Nemelex Xobeh
Yredelemnul

Annotations
D:3 Sigmund


Innate Abilities, Weirdness & Mutations

You have stony skin.
You cover ground slowly.
Your flesh is heat resistant.
Your flesh is vulnerable to cold.
Your heat harms attackers.
You bathe your surroundings in blazing heat.
You are too hot to use scrolls.
You are very good at protecting items from fire.
You can tolerate rotten meat.


Message History

You hit it but do no damage.
You hear some strange, mumbled words.
The puff of flame hits you! You resist.
You miss it. It hits you.
You barely miss it. It hits you!
* * * LOW HITPOINT WARNING * * *
Drink which item? (? for menu, Esc to quit)
You're too hungry to go berserk.
You hit it but do no damage. It hits you.
* * * LOW HITPOINT WARNING * * *
You hit it but do no damage. You closely miss it.
You hear some strange, mumbled words.
The magic dart hits you!
* * * LOW HITPOINT WARNING * * *
You barely miss it.
You hear some strange, mumbled words.
The puff of flame misses you.
You closely miss it. It hits you.
You die...

................#
###############.##
#..# #..# #..#
#..# #(.# #..#
####### #)@#
......#########.{#
#................#
......#########..#
...##.# #..#
....#.## #..#
.......# ##.#
....#..# #.#
..(#...# #..


There were no monsters in sight!

Vanquished Creatures
  5 adders
  2 worms
  4 giant geckos
  2 orcs (D:3)
  A bat skeleton (D:4)
  2 giant cockroaches (D:3)
  8 goblins
  7 hobgoblins
  6 jackals
  2 ball pythons
  7 bats
  5 giant newts
  6 kobolds
  5 rats
62 creatures vanquished.

Notes
Turn   | Place    | Note
--------------------------------------------------------------
     0 | D:1      | Chozo, the Lava Orc Skald, began the quest for the Orb.
     0 | D:1      | Reached XP level 1. HP: 16/16 MP: 3/3
    55 | D:1      | Reached skill level 3 in Charms
    73 | D:1      | Reached XP level 2. HP: 20/23 MP: 4/4
   556 | D:1      | Learned a level 2 spell: Song of Slaying
   605 | D:2      | Reached XP level 3. HP: 23/29 MP: 6/6
   609 | D:2      | Learned a level 2 spell: Shroud of Golubria
   617 | D:2      | Found a sparkling altar of Nemelex Xobeh.
   620 | D:2      | Found a white marble altar of Elyvilon.
   786 | D:2      | Reached XP level 4. HP: 26/36 MP: 7/7
  1064 | D:2      | Paralysed by a potion of paralysis for 2 turns
  1068 | D:2      | Paralysed by a potion of paralysis for 4 turns
  1322 | D:3      | Found a basalt altar of Yredelemnul.
  1570 | D:4      | Reached skill level 4 in Axes
  1748 | D:3      | Noticed Sigmund
  1777 | D:3      | Slain by Sigmund

Action                   |  1- 3 |  4- 6 || total
-------------------------+-------+-------++-------
Melee: Hand axe          |    95 |   234 ||   329
Throw: Dart              |       |     2 ||     2
 Cast: Infusion          |       |     6 ||     6
  Use: Potion            |       |     9 ||     9
       Scroll            |       |     1 ||     1
